 Dungeon Crawl Stone Soup version 0.17.0-24-gcfadda4 (webtiles) character file.

149 M4edhros the Charlatan (level 5, -1/33 HPs)
             Began as an Octopode Artificer on Nov 16, 2015.
             Was an Initiate of Okawaru.
             Slain by an orc
             ... wielding a +0 club
              (4 damage)
             ... on level 3 of the Dungeon.
             The game lasted 00:03:08 (1871 turns).

M4edhros the Charlatan (Octopode Artificer)         Turns: 1871, Time: 00:03:08

Health: -1/33      AC:  1    Str: 10    XL:     5   Next: 31%
Magic:  8/8        EV: 13    Int: 15    God:    Okawaru [......]
Gold:   113        SH:  0    Dex: 13    Spells: 0 memorised, 4 levels left

rFire  . . .     SeeInvis .     o - +4 hunting sling (freeze)
rCold  . . .     Clarity  +     (no shield)
rNeg   . . .     SustAt   .     (helmet restricted)
rPois  .         Gourm    .     q - amulet of clarity
rElec  .         Spirit   .     g - ring of teleportation (curse)
rCorr  .         Warding  .     (no ring)
rMut   .         Rnd*Tele +     (no ring)
MR     .....                    (no ring)
Stlth  ++++......               (no ring)
                                (no ring)
                                (no ring)
                                (no ring)

@: lethally poisoned (-1 -> -4), not resistant to hostile enchantments, stealthy
A: almost no armour, amphibious, 8 rings, constrict 8, camouflage 1, gelatinous
body 1
a: Renounce Religion, Evoke Teleportation


You were on level 3 of the Dungeon.
You worshipped Okawaru.
Okawaru was noncommittal.
You were not hungry.

You visited 1 branch of the dungeon, and saw 3 of its levels.

You collected 113 gold pieces.

Inventory:

Hand Weapons
 a - a +0 short sword
 l - a +0 hunting sling
 o - a +4 hunting sling of freezing (weapon)
Missiles
 m - 54 stones (quivered)
Jewellery
 g - a cursed ring of teleportation (left tentacle)
 i - a cursed ring of teleportation
 q - an amulet of clarity (around mantle)
Wands
 b - a wand of flame (15)
 c - a wand of enslavement (8)
 d - a wand of random effects (11)
 s - a wand of fireball (2)
Scrolls
 u - 2 scrolls of noise
Potions
 h - a potion of flight {unknown}
 k - a potion of brilliance {unknown}
 n - 3 potions of ambrosia {unknown}
Comestibles
 e - 2 bread rations
 f - 3 beef jerkies
 j - a meat ration


   Skills:
 - Level 1.0 Fighting
 - Level 1.0 Short Blades
 + Level 1.7 Slings
 + Level 2.8 Dodging
 + Level 4.1 Stealth
 + Level 4.5 Evocations


You had 4 spell levels left.
You didn't know any spells.

Dungeon Overview and Level Annotations

Branches:
Dungeon (3/15)

Altars:
Nemelex Xobeh
Okawaru
Qazlal
Xom


Innate Abilities, Weirdness & Mutations

You cannot wear most types of armour.
You are amphibious.
You can wear up to eight rings at the same time.
You can use your tentacles to constrict eight enemies at once.
Your skin changes colour to match your surroundings (Stealth).
Your rubbery body absorbs attacks (AC +1).


Message History

The orc wizard resists with significant effort.
This wand has 10 charges left.
You feel sick. The orc closely misses you.
Evoke which item? (* to show all) (? for menu, Esc to quit)
Zapping:
c - a wand of enslavement (10)
Press: ? - help, Shift-Dir - straight line, f - orc
Aim: an orc, wielding a club (chance to defeat MR: 86%)
The orc wizard resists with significant effort.
This wand has 9 charges left.
The orc hits you with a club.
* * * LOW HITPOINT WARNING * * *
Evoke which item? (* to show all) (? for menu, Esc to quit)
Zapping:
c - a wand of enslavement (9)
Press: ? - help, Shift-Dir - straight line, f - orc
Aim: an orc, wielding a dagger (chance to defeat MR: 86%)
The orc wizard resists with significant effort.
This wand has 8 charges left.
* * * LOW HITPOINT WARNING * * *
You feel sick. The orc misses you.
Unknown command.
The orc hits you with a club.
You die...

....#..........##....### ###....
.).............##......####......
...........#...##...........###..
....#.#...............###..## ###
....#.#...##............#..######
#..)#...................#........
..........#......o............###
##.........<.............†#.#...#
.#..............@oo.....##).###.#
...#.............................
#.........#..#####..#............
##........#..######..............
#.......................##......#
...#.##....S....................#
!#.#..####.#............)..##....
.#.#.. #.#...............##.###
.(#.. #.#.................>#


You could see an orc wizard and 2 orcs.

Vanquished Creatures
  An orc priest (D:3)
  A hound (D:3)
  Jessica (D:2)
  A worm (D:3)
  2 giant geckos
  4 orcs (D:3)
  5 giant cockroaches
  9 goblins
  3 hobgoblins (D:1)
  7 kobolds
  A ball python (D:1)
  4 bats
  4 giant newts
  4 rats
47 creatures vanquished.

Notes
Turn   | Place    | Note
--------------------------------------------------------------
     0 | D:1      | M4edhros the Octopode Artificer began the quest for the Orb.
     0 | D:1      | Reached XP level 1. HP: 13/13 MP: 3/3
    98 | D:1      | Reached XP level 2. HP: 16/18 MP: 4/4
   916 | D:1      | Reached XP level 3. HP: 23/23 MP: 5/5
  1119 | D:2      | Found a stormy altar of Qazlal.
  1119 | D:2      | Noticed an air elemental
  1123 | D:2      | Noticed an earth elemental
  1297 | D:2      | Noticed Jessica
  1305 | D:2      | Killed Jessica
  1305 | D:2      | Reached skill level 4 in Evocations
  1305 | D:2      | Reached XP level 4. HP: 26/28 MP: 5/7
  1361 | D:2      | Noticed a fire elemental
  1365 | D:2      | Noticed a water elemental
  1496 | D:2      | Reached skill level 1 in Slings
  1539 | D:2      | Found an iron altar of Okawaru.
  1546 | D:2      | Found a sparkling altar of Nemelex Xobeh.
  1550 | D:2      | Found a shimmering altar of Xom.
  1559 | D:2      | Became a worshipper of Warmaster Okawaru
  1795 | D:3      | Reached XP level 5. HP: 24/33 MP: 8/8
  1871 | D:3      | Slain by an orc

Action                   |  1- 3 |  4- 6 || total
-------------------------+-------+-------++-------
Melee: Short sword       |    45 |       ||    45
 Fire: Hunting sling     |    13 |    41 ||    54
Evoke: Wand              |       |    11 ||    11
  Use: Scroll            |     1 |     5 ||     6
       Potion            |       |     1 ||     1
 Stab: Sleeping          |     8 |       ||     8
  Eat: Meat ration       |       |     1 ||     1
